 Dungeon Crawl Stone Soup version 0.32-a0-350-g4f4d228785 (console) character file.

Game seed: 975334418360938600

1794489 tevi the Slayer (level 25, 198/198 HPs)
             Began as a Demonspawn Wanderer on Feb 17, 2024.
             Was a High Priest of Hepliaklqana.
             Escaped with the Orb
             ... and 3 runes!
             The game lasted 02:54:31 (57848 turns).

tevi the Slayer (Demonspawn Wanderer)              Turns: 57848, Time: 02:54:32

Health: 198/198    AC: 41    Str: 16      XL:     25   Next: 38%
Magic:  42/42      EV: 25    Int: 15      God:    Hepliaklqana [*****.]
Gold:   7015       SH: 26    Dex: 24 (26) Spells: 44/48 levels left

rFire   + + +        l - +9 hand cannon {flame, Dex+3}
rCold   + + .        a - +2 kite shield
rNeg    . . .        D - quicksilver dragon scales
rPois   .            (helmet unavailable)
rElec   +            F - +2 cloak
rCorr   .            O - +3 pair of gauntlets of War {Slay+5}
SInv    .            m - +2 pair of boots
Will    +++..        b - amulet "Gosmep" {Reflect ^Fragile rC+ Regen+ SH+5}
Stlth   ++           s - ring "Ynir" {Fly rElec rF+ rC+}
HPRegen 1.33/turn    A - ring of Micep {rF++ AC+4 Slay+5}
MPRegen 0.56/turn

%: reflection, guardian spirit
@: flying
A: reduced essence, horns 3, thin skeletal structure 3, icemail 2, magic shield,
magic regeneration, black mark, condensation shield, bedeviling, aura of
silence, dopey 1, high MP 1, strong-willed 1, sense surroundings 1, wild magic 1
0: Orb of Zot
}: 3/15 runes: decaying, serpentine, silver
a: Renounce Religion, Recall Ancestor, Ancestor Identity, Transference, Idealise


You escaped.
You worshipped Hepliaklqana.
Hepliaklqana was extremely pleased with you.
You visited 9 branches of the dungeon, and saw 45 of its levels.
You visited 1 bazaar.
You also visited: Trove, Gauntlet and Ice Cave.

You collected 8806 gold pieces.
You spent 1791 gold pieces at shops.

Inventory:

Hand Weapons
 l - the +9 hand cannon "Iheuduil" (weapon) {flame, Dex+3}
   (You acquired it on level 5 of the Lair of Beasts)

   Dex+3:     It affects your dexterity (+3).
Missiles
 H - 5 throwing nets
 S - 20 curare-tipped darts
Armour
 a - a +2 kite shield (worn)
 m - a +2 pair of boots (worn)
 D - quicksilver dragon scales (worn)
 F - a +2 cloak (worn)
 O - the +3 pair of gauntlets of War (worn) {Slay+5}
   (You found it on level 5 of the Lair of Beasts)

   Slay+5:    It affects your accuracy & damage with ranged weapons and melee
   (+5).
Jewellery
 b - the amulet "Gosmep" (around neck) {Reflect ^Fragile rC+ Regen+ SH+5}
   (You found it in a treasure trove)

   [amulet of reflection]

   Reflect:   It reflects blocked missile attacks.
   rC+:       It protects you from cold.
   Regen+:    It increases your rate of health regeneration.
   ^Fragile:  It will be destroyed if unequipped.
   SH+5:      It affects your SH (+5).
 i - a ring of willpower
 s - the ring "Ynir" (left hand) {Fly rElec rF+ rC+}
   (You found it in a treasure trove)

   [ring of flight]

   rF+:       It protects you from fire.
   rC+:       It protects you from cold.
   rElec:     It insulates you from electricity.
   Fly:       It grants you flight.
 y - the ring "Naimuso" {rElec rCorr}
   (You found it in a treasure trove)

   [ring of resist corrosion]

   rElec:     It insulates you from electricity.
   rCorr:     It protects you from acid and corrosion.
 A - the ring of Micep (right hand) {rF++ AC+4 Slay+5}
   (You found it in a treasure trove)

   [ring of protection]

   AC+4:      It affects your AC (+4).
   Slay+5:    It affects your accuracy & damage with ranged weapons and melee
   (+5).
   rF++:      It greatly protects you from fire.
 K - the ring "Ohikh" {Fly rF+ Dex+5 SInv Stlth+}
   (You found it in a treasure trove)

   [ring of flight]

   Dex+5:     It affects your dexterity (+5).
   rF+:       It protects you from fire.
   SInv:      It lets you see invisible.
   Fly:       It grants you flight.
   Stlth+:    It makes you more stealthy.
 R - the ring of Pessimism {+Blink rF+++ Int-3 Dex+6 SInv}
   (You found it on level 9 of the Dungeon)

   [ring of dexterity]

   Int-3:     It affects your intelligence (-3).
   Dex+6:     It affects your dexterity (+6).
   rF+++:     It renders you almost immune to fire.
   SInv:      It lets you see invisible.
   +Blink:    It lets you blink.
 Z - the ring of Gealuoh {rPois rN+ Dex+2}
   (You took it off a spriggan on level 5 of the Lair of Beasts)

   [ring of poison resistance]

   Dex+2:     It affects your dexterity (+2).
   rPois:     It protects you from poison rN+: It protects you from negative
   energy.
Wands
 z - a wand of charming (41)
 P - a wand of iceblast (42)
 W - a wand of light (16)
 Y - a wand of digging (14)
Scrolls
 c - 9 scrolls of fog
 f - 6 scrolls of fear
 p - 16 scrolls of teleportation
 u - 3 scrolls of torment
 w - 5 scrolls of amnesia
 x - a scroll of revelation
 C - 2 scrolls of brand weapon
 E - 7 scrolls of enchant weapon
 I - 12 scrolls of poison
 J - 9 scrolls of vulnerability
 L - 18 scrolls of identify
 N - 9 scrolls of immolation
 Q - 6 scrolls of blinking
 V - 6 scrolls of enchant armour
Potions
 d - 8 potions of lignification
 e - 12 potions of attraction
 g - 2 potions of ambrosia
 j - 5 potions of cancellation
 n - 3 potions of resistance
 o - 10 potions of heal wounds
 q - 17 potions of curing
 r - 4 potions of haste
 t - 3 potions of invisibility
 v - 12 potions of brilliance
 B - 6 potions of might
 G - 8 potions of enlightenment
 M - 6 potions of mutation
 X - 3 potions of berserk rage
Miscellaneous
 h - a box of beasts
 T - a condenser vane
 U - a phial of floods


   Skills:
 - Level 23.0 Fighting
 - Level 19.0 Ranged Weapons
 - Level 4.0 Throwing
 + Level 18.5 Armour
 + Level 18.5 Dodging
 - Level 15.0 Shields
 - Level 2.7 Unarmed Combat
 - Level 12.0 Spellcasting
 - Level 10.0 Hexes
 - Level 6.0 Translocations
 - Level 12.0 Invocations
 - Level 10.0 Evocations


You had 44 spell levels left.
You knew the following spells:

 Your Spells              Type           Power      Damage    Failure   Level
a - Dimensional Bullseye  Hex/Tloc       29%        N/A       12%         4

Your spell library contained the following spells:

 Spells                   Type           Power      Damage    Failure   Level
 Slow                     Hex            100%       N/A       1%          1
 Confusing Touch          Hex            66%        N/A       2%          3
 Sigil of Binding         Hex            66%        N/A       2%          3
 Cause Fear               Hex            33%        N/A       5%          4
 Ensorcelled Hibernation  Hex/Ice        92%        N/A       6%          2
 Dazzling Flash           Conj/Hex       92%        N/A       12%         3
 Inner Flame              Hex/Fire       46%        N/A       12%         3
 Volatile Blastmotes      Fire/Tloc      46%        2d13      24%         3
 Passage of Golubria      Tloc           35%        N/A       24%         4
 Foxfire                  Conj/Fire      44%        2x1d6     28%         1
 Freeze                   Ice            44%        1d6       28%         1
 Necrotise                Necr           44%        1d6       28%         1
 Anguish                  Hex/Necr       23%        N/A       34%         4
 Cigotuvi's Dreadful Rot  Necr/Alch/Air  22%        N/A       38%         2
 Sublimation of Blood     Necr           11%        N/A       38%         2
 Iskenderun's Mystic Bla  Conj/Tloc      23%        2d6       58%         4
 Call Canine Familiar     Summ           11%        N/A       61%         3
 Frozen Ramparts          Ice            22%        1d4       61%         3
 Hailstorm                Conj/Ice       11%        3d6       61%         3
 Ozocubu's Armour         Ice            11%        N/A       61%         3
 Passwall                 Erth           11%        N/A       61%         3
 Stone Arrow              Conj/Erth      22%        3d8       61%         3
 Summon Ice Beast         Ice/Summ       11%        N/A       61%         3
 Swiftness                Air            11%        N/A       61%         3
 Vampiric Draining        Necr           11%        2d6       61%         3
 Metabolic Englaciation   Hex/Ice        23%        N/A       65%         5
 Silence                  Hex/Air        23%        N/A       65%         5
 Summon Mana Viper        Hex/Summ       46%        N/A       65%         5
 Summon Forest            Summ/Tloc      11%        N/A       89%         5
 Animate Armour           Summ/Erth      22%        N/A       93%         4
 Animate Dead             Necr           11%        N/A       93%         4
 Dispel Undead            Necr           11%        3d9       93%         4
 Fulminant Prism          Conj/Alch      5%         3d7       93%         4
 Ignite Poison            Fire/Alch      11%        N/A       93%         4
 Leda's Liquefaction      Alch/Erth      5%         N/A       93%         4
 Martyr's Knell           Necr/Summ      11%        N/A       93%         4
 Petrify                  Alch/Erth      11%        N/A       93%         4
 Sticky Flame             Fire/Alch      11%        2d5       93%         4
 Summon Blazeheart Golem  Fire/Summ      11%        N/A       93%         4
 Curse of Agony           Necr           11%        N/A       100%        5
 Fireball                 Conj/Fire      5%         3d5       100%        5
 Freezing Cloud           Conj/Ice/Air   5%         6-21      100%        5
 Irradiate                Conj/Alch      5%         3d13      100%        5
 Iskenderun's Battlesphe  Conj           11%        2d7       100%        5
 Bombard                  Conj/Erth      5%         9d2       100%        6
 Conjure Ball Lightning   Conj/Air       5%         3x3d6     100%        6
 Eringya's Noxious Bog    Alch           5%         4d6       100%        6
 Plasma Beam              Fire/Air       5%         2x1d16    100%        6
 Sculpt Simulacrum        Ice/Alch       5%         N/A       100%        6
 Starburst                Conj/Fire      5%         6d4       100%        6
 Summon Cactus Giant      Summ           5%         N/A       100%        6
 Haunt                    Necr/Summ      5%         N/A       100%        7
 Malign Gateway           Summ/Tloc      11%        N/A       100%        7
 Monstrous Menagerie      Summ           5%         N/A       100%        7
 Orb of Destruction       Conj           5%         9d5       100%        7
 Ozocubu's Refrigeration  Ice            5%         4d8       100%        7
 Spellforged Servitor     Conj/Summ      5%         N/A       100%        7
 Summon Hydra             Summ           5%         N/A       100%        7
 Discord                  Hex            33%        N/A       100%        8
 Disjunction              Tloc           17%        N/A       100%        8
 Ignition                 Fire           5%         3d4       100%        8
 Infestation              Necr           5%         N/A       100%        8
 Lehudib's Crystal Spear  Conj/Erth      5%         10d3      100%        8
 Summon Horrible Things   Summ           5%         N/A       100%        8
 Chain Lightning          Conj/Air       5%         3d7       100%        9
 Dragon's Call            Summ           5%         N/A       100%        9
 Fire Storm               Conj/Fire      5%         8d2       100%        9
 Polar Vortex             Ice            5%         N/A       100%        9
 Shatter                  Erth           5%         3d8*      100%        9


Dungeon Overview and Level Annotations

Branches:
Dungeon (15/15)            Temple (0/1) D:7            Lair (5/5) D:9
  Swamp (4/4) Lair:3        Snake (4/4) Lair:3        Slime (0/5) Lair:5
    Orc (2/2) D:11            Elf (0/3) Orc:2        Vaults (5/5) D:14
  Crypt (0/3) Vaults:3     Depths (4/4) D:15           Hell (visited)
    Dis (0/7) Hell            Geh (0/7) Hell            Coc (0/7) Hell
    Tar (0/7) Hell            Zot (5/5) Depths:4      IceCv (visited)
Gauntlet (visited)

Altars:
Fedhas
Gozag
Hepliaklqana
Makhleb
Okawaru
Trog
Vehumet
Wu Jian
Beogh
Jiyva

Shops:
D:3 (   D:10 ?   D:14 (   Orc:1 *   Orc:2 [:::   Snake:1 :   Snake:3 *(
Vaults:4 *   Zot:5 *   Depths:1 (   Depths:2 ==:   Depths:4 :

Portals:
Hell: Depths:1 Depths:2 Depths:3 Depths:4
Abyss: Depths:3 Depths:4
Pandemonium: Depths:1 Depths:2 Depths:3 Depths:4
Ziggurat: Depths:2

Annotations:
Swamp:3 3 runed translucent doors, Wesew's ghost, adept DECj
Zot:2 1 transporter, Strat's ghost, veteran DrSh


Innate Abilities, Weirdness & Mutations

Your life essence is reduced to manifest your ancestor. (-10% HP)
You have a pair of large horns on your head.
You have an unnaturally thin skeletal structure. (Dex +6, Stealth+++)
A meltable icy envelope protects you from harm. (AC +8)
When hurt, damage is shared between your health and your magic reserves.
You regenerate magic rapidly.
Your melee attacks may debilitate your foes.
A meltable shield of frost defends you. (SH +4)
Your hexes are more powerful.
You are surrounded by an aura of silence.
You are dopey. (Int -2)
You have an increased reservoir of magic. (+10% MP)
You are strong-willed. (Will+)
You passively map a small area around you.
Your spells are a little harder to cast, but a little more powerful.


Message History

You kill the jackal!
(D) Dungeon (T) Temple (L) Lair (S) Swamp (P) Snake Pit (M) Slime Pits (O) Orcish Mines (E) Elven Halls (V) Vaults (C) Crypt (U) Depths (H) Hell (I) Dis (G) Gehenna (X) Cocytus (Y) Tartarus (Z) Zot
Where to? (Tab/Enter - D:1 @ (x,y), ? - help)
You hear a grinding noise. 3 golden eyes come into view.
You shoot a bolt. The bolt hits the golden eye!!!
The bolt burns the golden eye.
You kill the golden eye!
A golden eye comes into view.
The golden eye turns its gaze towards you.
You shoot a bolt. The bolt hits the golden eye!
The bolt burns the golden eye.
You kill the golden eye!
The golden eye blinks!
An ice devil comes into view.
You shoot a bolt. The bolt hits the golden eye!!
The bolt burns the golden eye.
You kill the golden eye!
Your line of fire to the golden eye is blocked by a granite statue.
Your line of fire to the golden eye is blocked by a granite statue.
The golden eye blinks at you. You resist with almost no effort.
The golden eye blinks at you. You resist with almost no effort.
The golden eye blinks at you. You resist with almost no effort.
You shoot a bolt. The bolt hits the ice devil!!!
The bolt burns the ice devil!!
You kill the ice devil!
The golden eye blinks at you. You resist with almost no effort.
You shoot a bolt. The bolt closely misses the golden eye.
The golden eye blinks at you. You resist with almost no effort.
You shoot a bolt. The bolt hits the golden eye!!
The bolt burns the golden eye.
You kill the golden eye!
There is a fountain of clear blue water here.
There is a staircase leading out of the dungeon here.
You have escaped!

### ######.###.
..####################### #.# #.
#.......................####.# #.
#######################(..##.###.
#.....................###.....##.
#.............ß...ß...# ####.....
#..#########..........# #.....
...#≈≈≈≈≈≈≈#.⌠....[.⌠.# #####.
...#≈≈≈≈≈≈S#....@.....# #.
...#≈≈≈≈≈≈≈#.⌠......⌠.# #)
#..#########..........# #.
#.............ß...ß...# #.
#.....................# #.
####################### ####.
..................## #....
........#########..### #.#.#
........##########...# ###.#..


You could see an electric eel.

Vanquished Creatures
  3 ancient liches
  2 dread liches (Zot:5)
  3 orbs of fire
  A juggernaut (Depths:4)
  Mara (Swamp:3)
  Saint Roka (Vaults:1)
  3 Killer Klowns
  Margery (Depths:3)
  Vashnia (Snake:3)
  A curse toe (Zot:1)
  2 golden dragons
  Geryon (Hell)
  Nikola (Swamp:1)
  A profane servitor (Zot:5)
  Jory (Vaults:3)
  A bone dragon (Depths:2)
  An electric golem (Zot:5)
  A doom hound (Depths:4)
  3 hellephants
  A Tzitzimitl (D:11)
  A walking crystal tome (Depths:3)
  A walking earthen tome (Depths:4)
  19 Orb Guardians
  4 tentacled monstrosities
  7 titans
  2 liches
  A deep elf blademaster (Depths:2)
  2 walking divine tomes (Depths:3)
  6 sphinxes
  6 quicksilver dragons
  An Executioner (Zot:2)
  A deep elf master archer (Depths:2)
  Murray (Depths:1)
  4 death cobs
  3 tengu reavers
  15 shadow dragons
  9 storm dragons
  3 protean progenitors (Zot:3)
  Kirke (D:14)
  A draconian monk (Zot:4)
  4 nagarajas
  2 draconian shifters
  2 iron dragons
  14 vault wardens
  2 draconian knights
  Roxanne (Swamp:2)
  6 fire giants
  4 frost giants
  A fenstrider witch (Swamp:4)
  4 balrugs
  A caustic shrike zombie (Depths:3)
  8 draconian scorchers
  2 orc warlords
  6 draconian annihilators
  2 draconian stormcallers
  2 ghost moths (Zot:5)
  3 reapers (Hell)
  A cacodemon (Hell)
  4 spriggan defenders
  16 very ugly things
  11 stone giants
  2 formless jellyfish
  4 ironbound thunderhulks
  7 green draconians
  7 vampire knights
  14 ironbound preservers
  2 lorocyprocas
  5 white draconians
  6 black draconians
  11 eleionomae
  11 bunyips
  12 purple draconians
  3 deep elf death magi
  6 yellow draconians
  4 war gargoyles
  5 dire elephants
  3 red draconians
  A minotaur (Gauntlet)
  2 deep elf annihilators (Vaults:5)
  Snorg (Lair:3)
  10 ettins
  3 green deaths
  7 blizzard demons
  2 crystal guardians
  2 merfolk javelineers (Depths:4)
  7 fire dragons
  3 entropy weavers
  A quicksilver dragon zombie (Hell)
  10 yaktaur captains
  Josephine (D:10)
  3 deep elf high priests
  Fannar (D:11)
  2 shambling mangroves
  3 great orbs of eyes
  2 ghost crabs
  3 rakshasas
  12 hydras
  27 vault guards
  2 ogre magi
  4 peacekeepers
  8 ice dragons
  6 salamander tyrants
  13 anacondas
  A hell beast (Depths:4)
  5 spriggan air magi
  7 ironbound frosthearts
  4 boulder beetles
  5 centaur warriors
  5 two-headed ogres
  4 alligators
  A dancing weapon (Vaults:3)
  10 naga warriors
  A two-headed ogre (shapeshifter) (Vaults:5)
  3 death yaks (IceCv)
  3 deep troll shamans
  2 occultists (Depths:2)
  2 tengu warriors
  8 deep troll earth magi
  14 naga sharpshooters
  3 orc high priests
  7 hell hogs
  A shock serpent (Snake:4)
  2 demonic crawlers
  2 thrashing horrors (Swamp:4)
  A shock serpent (shapeshifter) (Vaults:5)
  A vampire mage (Vaults:3)
  3 spriggan berserkers
  10 sun demons
  A sixfirhy (D:6)
  A storm dragon zombie (Depths:1)
  21 hell knights
  6 soul eaters
  A crystal echidna (Depths:4)
  A titan skeleton (Vaults:4)
  A cyclops (shapeshifter) (Vaults:5)
  2 iron trolls
  A spectral catoblepas (Lair:3)
  10 salamander mystics
  A skeletal warrior (Depths:1)
  5 goliath frogs
  15 mana vipers
  A shadow demon (D:3)
  2 skysharks
  50 deep trolls
  3 naga ritualists
  A shadow wraith (Depths:1)
  2 bunyip zombies (Swamp:4)
  2 glowing orange brains
  5 arcanists
  6 flayed ghosts
  4 swamp dragons (Swamp:4)
  3 sea snakes (Snake:2)
  2 mana vipers (shapeshifter)
  A spriggan simulacrum (Hell)
  A shadow dragon zombie (Depths:1)
  10 lindwurms
  4 spriggan druids
  A golden dragon skeleton (Depths:3)
  6 bog bodies (Swamp:4)
  2 phantasmal warriors (Depths:3)
  3 orange crystal statues (Hell)
  An anaconda skeleton (Hell)
  8 ironbound convokers
  2 harpies (Vaults:1)
  A deep elf zephyrmancer (D:15)
  6 cyclopes
  12 necromancers
  16 orc knights
  27 ugly things
  3 deep elf pyromancers
  A fire giant zombie (Depths:1)
  A human zombie (Vaults:4)
  8 orc sorcerers
  3 manticores
  24 salamanders
  2 tengu skeletons
  2 will-o-the-wisps
  6 guardian serpents
  A large abomination (Swamp:4)
  A centaur zombie (D:15)
  A fire giant skeleton (Depths:1)
  27 moths of wrath
  5 elephants (Lair:5)
  2 meliai (shapeshifter)
  3 meliai (D:15)
  34 black mambas
  8 vault sentinels
  8 smoke demons
  A molten gargoyle (Hell)
  6 kobold blastminers
  11 apocalypse crabs (Depths:2)
  15 naga magi
  An ice statue (IceCv)
  3 rust devils
  4 gargoyles
  A torpor snail (Lair:5)
  3 orange demons
  7 cane toads
  An unseen horror (shapeshifter) (D:13)
  An unseen horror (D:12)
  3 hellions
  11 yaktaurs
  3 rime drakes
  A yaktaur zombie (Vaults:4)
  A tormentor (Depths:1)
  2 freezing wraiths
  5 komodo dragons
  17 polar bears
  A kobold demonologist (D:11)
  5 ice devils
  A spectral skyshark (Lair:3)
  A tengu conjurer (Gauntlet)
  A harpy zombie (Hell)
  A hydra zombie (Swamp:4)
  2 red devils (D:10)
  6 trolls
  4 glass eyes
  5 tyrant leeches
  7 saltlings (Orc:2)
  7 blink frogs
  15 hornets
  A spriggan zombie (Depths:1)
  A spectral dream sheep (Lair:3)
  32 slime creatures
  2 snapping turtles (Zot:3)
  19 spriggans
  3 centaur simulacra (Gauntlet)
  4 shadows
  8 wyverns
  11 water elementals
  A hog (D:14)
  3 fire bats
  5 wraiths
  A fire elemental (Depths:3)
  3 steam dragons
  4 wargs
  12 vampire mosquitoes
  4 golden eyes (D:1)
  42 yaks
  A redback (Vaults:3)
  A basilisk (Lair:5)
  18 swamp worms
  A swamp worm (shapeshifter) (Vaults:5)
  33 nagas
  A naga zombie (Hell)
  Edmund (D:3)
  A hydra simulacrum (Gauntlet)
  A knight (Snake:3)
  7 hell hounds (Depths:4)
  16 water moccasins
  A swamp drake (Swamp:2)
  20 orc warriors
  3 black bears
  5 sky beasts
  6 laughing skulls
  4 ogres
  A small abomination (Swamp:4)
  An ogre (shapeshifter) (D:14)
  7 boggarts
  28 wolves
  10 centaurs
  A phantom (D:5)
  2 gnoll sergeants
  9 bullfrogs
  2 scorpions
  12 wights
  6 killer bees
  5 electric eels
  3 howler monkeys
  3 hounds
  2 jellies
  15 orc priests
  4 iguanas
  A sleepcap (D:5)
  Natasha (thrice) (D:3)
  21 orc wizards
  7 hell rats
  9 gnolls
  8 adders
  A shadow imp (D:3)
  3 white imps
  An ufetubus (D:7)
  3 ribbon worms
  2 dart slugs
  54 orcs
  7 ball pythons
  2 bats
  5 endoplasms
  6 giant cockroaches
  7 goblins
  4 hobgoblins
  5 jackals
  14 kobolds
  2 quokkas
  5 frilled lizards
  4 rats
1659 creatures vanquished.

Vanquished Creatures (collateral kills)
  An ancient lich (Zot:5)
  An orb of fire (Zot:5)
  2 Killer Klowns (Zot:5)
  2 curse toes (Zot:3)
  A golden dragon (Zot:3)
  4 tentacled monstrosities
  3 liches
  5 Orb Guardians
  A titan (Vaults:5)
  Asterion (Snake:3)
  2 death cobs
  2 tengu reavers (Vaults:5)
  4 storm dragons
  2 shadow dragons
  A draconian monk (Depths:4)
  2 fire giants
  A vault warden (Vaults:3)
  A frost giant (Depths:3)
  2 draconian scorchers (Zot:4)
  A juggernaut zombie (Depths:1)
  2 balrugs (Zot:3)
  A ghost moth (Zot:3)
  A reaper (Hell)
  2 orc warlords
  A draconian stormcaller (Zot:4)
  A caustic shrike skeleton (Depths:1)
  2 stone giants
  2 ironbound preservers
  2 very ugly things
  A vampire knight (Depths:3)
  The ghost of yetimobile the Nimble, a journeyman FeIE of Beogh (Snake:1)
  A deep elf death mage (Depths:1)
  A white draconian (Zot:5)
  2 yellow draconians
  A black draconian (Zot:5)
  2 red draconians (Zot:2)
  A war gargoyle (Vaults:5)
  An eidolon (Vaults:3)
  2 blizzard demons
  A crystal guardian (Vaults:2)
  3 ettins
  A green death (Zot:3)
  A merfolk javelineer (Depths:4)
  A yaktaur captain (Vaults:4)
  6 hydras
  A great orb of eyes (Vaults:3)
  A rakshasa (D:14)
  A centaur warrior (D:14)
  A salamander tyrant (Snake:3)
  2 spriggan air magi
  An alligator (Swamp:2)
  A vault guard (Vaults:5)
  3 anacondas
  A sphinx zombie (Depths:3)
  A deep troll earth mage (Depths:3)
  A death yak (IceCv)
  An orc high priest (Vaults:4)
  An occultist (D:15)
  3 shock serpents
  2 naga sharpshooters
  2 hell knights
  A sun demon (Depths:4)
  Amaemon (D:9)
  Sonja (Lair:3)
  2 sixfirhies
  A fire crab (Gauntlet)
  An iron troll (Depths:4)
  2 soul eaters (Depths:4)
  A salamander mystic (Snake:4)
  3 skeletal warriors
  12 deep trolls
  A glowing orange brain (Depths:3)
  A sea snake (Snake:2)
  A naga ritualist (Snake:4)
  A flayed ghost (Depths:1)
  A swamp dragon (Swamp:3)
  2 mana vipers
  A death drake (Swamp:3)
  An orange crystal statue (Hell)
  2 ironbound convokers
  A deep elf pyromancer (D:15)
  2 necromancers (Depths:1)
  An orc knight (Vaults:4)
  3 lindwurms (Vaults:1)
  8 ugly things
  A will-o-the-wisp (Swamp:4)
  A salamander (Snake:4)
  4 moths of wrath
  6 black mambas
  A guardian serpent (Snake:3)
  An elephant (Lair:5)
  A smoke demon (Hell)
  A naga mage (Snake:1)
  3 vault sentinels (Vaults:4)
  An orange demon (D:9)
  A cane toad (Lair:4)
  A rime drake (IceCv)
  2 yaktaurs
  A tormentor (Depths:3)
  2 komodo dragons
  2 tengu conjurers
  A red devil (D:10)
  A harpy zombie (D:15)
  A tyrant leech (Swamp:4)
  A polar bear (Lair:5)
  A hornet (D:10)
  A snapping turtle (Zot:3)
  A spriggan (D:7)
  A shadow (Swamp:4)
  9 yaks
  4 slime creatures
  A fire bat (Gauntlet)
  A basilisk (Lair:2)
  2 water elementals (Depths:4)
  A redback (Vaults:3)
  A warg (Orc:2)
  A steam dragon (D:9)
  A vampire mosquito (D:14)
  3 swamp worms
  A chaos spawn (D:10)
  4 nagas
  2 acid dragons (D:10)
  2 water moccasins
  2 sky beasts
  7 orc warriors
  A swamp dragon zombie (Swamp:4)
  A centaur (D:14)
  2 boggarts (Vaults:2)
  7 wolves
  3 kobold brigands
  A weeping skull (Gauntlet)
  A bullfrog (D:8)
  A gnoll sergeant (D:11)
  4 wights
  2 killer bees (D:7)
  A bombardier beetle (D:7)
  A jelly (D:5)
  4 orc priests
  Crazy Yiuf (D:5)
  7 hell rats
  An iguana (D:6)
  3 orc wizards
  A boggart skeleton (D:15)
  4 gnolls
  2 adders (D:5)
  12 orcs
  4 kobolds (D:9)
296 creatures vanquished.

Vanquished Creatures (others)
  A yellow draconian (Zot:5)
  3 yaktaur captains
  A smoke demon (Hell)
  A yaktaur (Vaults:4)
  A hornet (D:9)
  A bloated husk (Swamp:1)
  A fire bat (Depths:3)
  A hell hound (Hell)
  An orc wizard (D:6)
  2 hell rats (Hell)
  4 ancestors
  71 knights
  12 foxfires
100 creatures vanquished.

Grand Total: 2055 creatures vanquished

Notes
Turn   | Place    | Note
-------+----------+-------------------------------------------
     0 | D:1      | tevi the Demonspawn Wanderer began the quest for the Orb.
     0 | D:1      | tevi set off with the following items: a +0 club, a scroll
                  | of teleportation, a scroll of fog, a +0 leather armour, a
                  | potion of attraction; and the following spell memorised:
                  | Slow; and the following spells available to memorise:
                  | Confusing Touch, Anguish.
     0 | D:1      | Reached XP level 1. HP: 18/18 MP: 3/3
     2 | D:1      | Noticed an electric eel
   169 | D:1      | Gained mutation: You regenerate magic rapidly. [demonic
                  | ancestry]
   169 | D:1      | Reached XP level 2. HP: 23/24 MP: 5/5
   415 | D:1      | Reached skill level 4 in Fighting
   624 | D:1      | Gained mutation: A meltable shield of frost defends you.
                  | (SH +4) [demonic ancestry]
   624 | D:1      | Reached XP level 3. HP: 29/30 MP: 6/6
   923 | D:2      | Identified the +2 hand axe of Jommefre {flame, ^Fragile rN+
                  | Str+5}
  1406 | D:2      | Gained mutation: When hurt, damage is shared between your
                  | health and your magic reserves. [demonic ancestry]
  1406 | D:2      | Reached XP level 4. HP: 38/38 MP: 7/7
  1649 | D:2      | Reached skill level 5 in Fighting
  1778 | D:3      | Noticed Natasha
  1806 | D:3      | Killed Natasha
  2001 | D:3      | Gained mutation: A meltable icy envelope protects you from
                  | harm. (AC +8) [demonic ancestry]
  2001 | D:3      | Reached XP level 5. HP: 26/44 MP: 5/8
  2148 | D:3      | Reached skill level 6 in Fighting
  2179 | D:3      | Found Bisigy's Weapon Shop.
  2215 | D:3      | Found a hazy altar of Hepliaklqana.
  2300 | D:3      | Found an ornate altar of the Wu Jian Council.
  2304 | D:3      | Became a worshipper of Hepliaklqana the Forgotten
  2306 | D:3      | Noticed Natasha
  2337 | D:3      | Killed Natasha
  2421 | D:3      | Noticed Natasha
  2429 | D:3      | Killed Natasha
  2849 | D:4      | Found a radiant altar of Vehumet.
  2890 | D:4      | Noticed an ogre
  2897 | D:4      | Killed an ogre
  2898 | D:4      | Reached skill level 1 in Throwing
  2898 | D:4      | Gained mutation: You have a pair of small horns on your
                  | head. [demonic ancestry]
  2898 | D:4      | Reached XP level 6. HP: 53/53 MP: 9/9
  2987 | D:4      | Noticed Edmund
  3257 | D:4      | Reached skill level 7 in Fighting
  3338 | D:3      | Killed Edmund
  3339 | D:3      | Gained mutation: You have a somewhat thin skeletal
                  | structure. (Dex +2, Stealth+) [demonic ancestry]
  3339 | D:3      | Reached XP level 7. HP: 44/60 MP: 7/11
  3591 | D:5      | Entered Level 5 of the Dungeon
  3718 | D:5      | Reached * piety under Hepliaklqana
  4033 | D:5      | Found a runed translucent door.
  4034 | D:5      | Noticed Crazy Yiuf
  4130 | D:5      | Reached skill level 1 in Ranged Weapons
  4157 | D:5      | Identified the +3 leather armour "Marrue" {Rampage rN+
                  | Will- Stlth+}
  4897 | D:4      | Reached XP level 8. HP: 43/60 MP: 11/14
  5408 | D:6      | Reached skill level 5 in Ranged Weapons
  5520 | D:6      | Reached ** piety under Hepliaklqana
  5521 | D:6      | Remembered your ancestor Riel Ulu as a knight
  5591 | D:6      | Identified the +1 scale mail of Uskayaw's Scorn {rPois}
  5607 | D:6      | Noticed a manticore
  5813 | D:7      | Found a staircase to the Ecumenical Temple.
  5834 | D:7      | Found a burning altar of Makhleb.
  5946 | D:7      | Reached skill level 1 in Evocations
  6045 | D:7      | Reached XP level 9. HP: 64/64 MP: 15/15
  6448 | D:7      | Found the +0 toga "Victory" {*Victory Clar}
  6578 | D:7      | Identified the amulet of the Heavens {Reflect Int+4 SH+5}
  7199 | D:5      | Killed Crazy Yiuf
  7252 | D:6      | Killed a manticore
  7750 | D:8      | Noticed a two-headed ogre
  7757 | D:8      | Killed a two-headed ogre
  7758 | D:8      | Reached skill level 10 in Ranged Weapons
  7758 | D:8      | Reached XP level 10. HP: 71/71 MP: 16/16
  8184 | D:9      | Reached *** piety under Hepliaklqana
  8211 | D:9      | Noticed Amaemon
  8486 | D:9      | Paralysed by a hornet for 2 turns
  8693 | D:9      | Found a staircase to the Lair.
  8776 | D:9      | Noticed an orange demon
  8785 | D:9      | Found an opulent altar of Gozag.
  8998 | D:9      | Identified the ring of Pessimism {+Blink rF+++ Int-3 Dex+6
                  | SInv}
  9032 | D:9      | Killed an orange demon
  9096 | D:9      | Killed Amaemon
  9240 | D:10     | Entered Level 10 of the Dungeon
  9246 | D:10     | Reached skill level 1 in Dodging
  9267 | D:10     | Noticed Josephine
  9462 | D:10     | Noticed a gargoyle
  9466 | D:10     | Killed a gargoyle
  9871 | D:10     | Killed Josephine
  9872 | D:10     | Gained mutation: You have a moderately thin skeletal
                  | structure. (Dex +4, Stealth++) [demonic ancestry]
  9872 | D:10     | Reached XP level 11. HP: 66/75 MP: 15/17
 10420 | D:10     | Found Caofir's Magic Scroll Shoppe.
 10423 | D:10     | Bought a scroll of enchant armour for 105 gold pieces
 10423 | D:10     | Bought a scroll of noise for 14 gold pieces
 10423 | D:10     | Bought a scroll of identify for 28 gold pieces
 10423 | D:10     | Bought a scroll of identify for 28 gold pieces
 10423 | D:10     | Bought a scroll of identify for 28 gold pieces
 10423 | D:10     | Bought a scroll of identify for 28 gold pieces
 10499 | D:10     | Reached **** piety under Hepliaklqana
 10596 | Lair:1   | Entered Level 1 of the Lair of Beasts
 10615 | D:9      | Reached skill level 1 in Invocations
 10785 | Lair:1   | Reached skill level 5 in Dodging
 11315 | Lair:1   | Reached skill level 5 in Invocations
 11886 | Lair:2   | You fall into a shaft and drop 1 floor!
 12036 | Lair:3   | Noticed Nessos
 12038 | Lair:3   | Nessos changed into Nessos the guardian serpent
 12038 | Lair:3   | Noticed Nessos
 12038 | Lair:3   | Noticed Sonja
 12045 | Lair:3   | Killed Nessos the guardian serpent
 12063 | Lair:3   | Killed Sonja
 12152 | Lair:3   | Reached XP level 12. HP: 66/81 MP: 18/18
 12162 | Lair:3   | Found a gate leading to a gauntlet.
 12171 | Gauntlet | Entered a Gauntlet
 12171 | Gauntlet | Found a transporter.
 12208 | Gauntlet | Found a transporter.
 12209 | Gauntlet | Found a transporter.
 12217 | Gauntlet | Found a transporter.
 12220 | Gauntlet | Found a transporter.
 12221 | Gauntlet | Found a transporter.
 12230 | Gauntlet | Found a transporter.
 12233 | Gauntlet | Found a transporter.
 12233 | Gauntlet | Noticed a minotaur
 12234 | Gauntlet | Found a transporter.
 12236 | Gauntlet | Noticed a tengu warrior
 12238 | Gauntlet | Found a runed translucent door.
 12240 | Gauntlet | Found a runed translucent door.
 12242 | Gauntlet | Found a transporter.
 12245 | Gauntlet | Found a transporter.
 12246 | Gauntlet | Found a transporter.
 12255 | Gauntlet | Found a transporter.
 12314 | Gauntlet | Found a transporter.
 12419 | Gauntlet | Killed a tengu warrior
 12495 | Gauntlet | Identified the amulet of the Harvest {Spirit rC+ Str+3}
 12682 | Gauntlet | Killed a minotaur
 12780 | Gauntlet | Identified the +7 demon blade of Pain and Death {drain, rN+
                  | Will- Int+3}
 12780 | Gauntlet | Identified the flux talisman "Riojeira" {rPois Str+4 Int-4}
 12781 | Gauntlet | Got the Directory of the Discharge
 13007 | Lair:3   | Reached skill level 15 in Ranged Weapons
 13007 | Lair:3   | Noticed a ghost crab
 13897 | Lair:3   | Noticed a four-headed hydra
 13903 | Lair:3   | Killed a four-headed hydra
 13942 | Lair:3   | Noticed a six-headed hydra
 13949 | Lair:3   | Killed a six-headed hydra
 14004 | Lair:3   | Found a staircase to the Snake Pit.
 14204 | Lair:3   | Killed a ghost crab
 14244 | Lair:3   | Found a staircase to the Swamp.
 14298 | Lair:3   | Noticed Snorg
 14313 | Lair:3   | Killed Snorg
 14801 | Lair:4   | Reached ***** piety under Hepliaklqana
 14919 | Lair:4   | Gained mutation: You have a pair of horns on your head.
                  | [demonic ancestry]
 14919 | Lair:4   | Reached XP level 13. HP: 86/86 MP: 19/19
 15182 | Lair:4   | Got the Secrets of the Oath
 16080 | Lair:5   | Entered Level 5 of the Lair of Beasts
 16282 | Lair:5   | Identified the ring of Gealuoh {rPois rN+ Dex+2}
 16473 | Lair:5   | Found a staircase to the Slime Pits.
 16474 | Lair:5   | Found a viscous altar of Jiyva.
 17140 | Lair:5   | Found the +3 pair of gauntlets of War {Slay+5}
 17354 | Lair:5   | Identified 3 scrolls of acquirement
 17355 | Lair:5   | Acquired a manual of Fighting
 17357 | Lair:5   | Acquired the +7 shortbow of Certain Death {heavy, Will+
                  | Int+6}
 17359 | Lair:5   | Acquired the +9 hand cannon "Iheuduil" {flame, Dex+3}
 17576 | D:11     | Found a staircase to the Orcish Mines.
 17623 | D:11     | Noticed Fannar
 17628 | D:11     | Killed Fannar
 17676 | D:11     | Reached skill level 8 in Fighting
 17680 | D:11     | Reached skill level 1 in Shields
 17931 | D:11     | Reached XP level 14. HP: 95/95 MP: 20/20
 18359 | D:11     | Reached skill level 9 in Fighting
 18400 | D:11     | Reached ****** piety under Hepliaklqana
 18502 | Orc:1    | Entered Level 1 of the Orcish Mines
 18630 | Orc:2    | Entered Level 2 of the Orcish Mines
 18630 | Orc:2    | Found a flickering gateway to a bazaar.
 18641 | Orc:2    | Paralysed by an orc sorcerer for 2 turns
 18664 | Orc:2    | Found a staircase to the Elven Halls.
 18669 | Bazaar   | Entered a bazaar
 18675 | Bazaar   | Found Guwotuf's Book Shop.
 18675 | Bazaar   | Found Quek's Jewellery Boutique.
 18761 | Orc:2    | Found a frozen archway.
 18789 | IceCv    | Entered an ice cave
 18926 | IceCv    | Reached skill level 10 in Fighting
 18989 | IceCv    | Reached skill level 1 in Armour
 19524 | Orc:2    | Reached skill level 11 in Fighting
 19578 | Orc:2    | Reached skill level 5 in Shields
 19641 | Orc:2    | Found Gouga's Book Shoppe.
 19642 | Orc:2    | Found a roughly hewn altar of Beogh.
 19643 | Orc:2    | Found Xocekkig's Book Shoppe.
 19742 | Orc:2    | Found Uffeupeb's Armour Shop.
 19916 | Orc:2    | Reached skill level 12 in Fighting
 20200 | Orc:2    | Found Kaynif's Book Shoppe.
 20200 | Orc:2    | Noticed an orc warlord
 20226 | Orc:2    | Killed an orc warlord
 20401 | Orc:1    | Found Caaf's Assorted Antiques.
 20418 | Orc:1    | Found a transporter.
 20421 | Orc:1    | Found a transporter.
 20532 | Orc:1    | Found a roughly hewn altar of Beogh.
 20532 | Orc:1    | Noticed a stone giant
 20532 | Orc:1    | Identified the +3 shadow dragon scales "Jylatea" {rC++
                  | Stlth++++}
 20818 | D:12     | Gained mutation: A meltable icy envelope protects you from
                  | harm. (AC +8) [demonic ancestry]
 20818 | D:12     | Reached XP level 15. HP: 87/109 MP: 16/21
 20822 | D:12     | Reached skill level 5 in Armour
 20966 | D:12     | Reached skill level 13 in Fighting
 21845 | D:13     | Reached skill level 14 in Fighting
 22310 | D:14     | Found Ujasm's Antique Weapon Boutique.
 22714 | D:14     | Reached skill level 15 in Fighting
 22764 | D:14     | Found a gate to the Vaults.
 22891 | D:14     | Noticed Kirke
 22898 | D:14     | Killed Kirke
 23115 | D:15     | Entered Level 15 of the Dungeon
 23686 | D:15     | Found an ornate altar of the Wu Jian Council.
 23884 | D:15     | Found a staircase to the Depths.
 24076 | Orc:1    | Reached skill level 16 in Fighting
 24355 | Swamp:1  | Entered Level 1 of the Swamp
 24368 | Swamp:1  | Reached XP level 16. HP: 124/124 MP: 22/22
 24667 | Swamp:1  | Noticed Nikola
 24677 | Swamp:1  | Killed Nikola
 24678 | Swamp:1  | Reached skill level 10 in Armour
 24860 | Swamp:1  | Got the Spellbook of the Fascinating Lungs
 25388 | Swamp:2  | Noticed Roxanne
 25400 | Swamp:2  | Killed Roxanne
 26375 | Swamp:3  | Found a runed translucent gate.
 26375 | Swamp:3  | Found a runed translucent gate.
 26375 | Swamp:3  | Found a runed translucent gate.
 26649 | Swamp:3  | Noticed Wesew's ghost (adept DECj)
 26676 | Swamp:4  | Entered Level 4 of the Swamp
 26809 | Swamp:4  | Noticed Mara
 26822 | Swamp:4  | Noticed tevi's illusion
 26825 | Swamp:3  | Noticed tevi's illusion
 26825 | Swamp:3  | Killed Mara
 26826 | Swamp:3  | Reached skill level 10 in Dodging
 26987 | Swamp:4  | Reached XP level 17. HP: 129/129 MP: 23/23
 27300 | Swamp:4  | Reached skill level 5 in Evocations
 27364 | Swamp:4  | Reached skill level 10 in Invocations
 27447 | Swamp:4  | Noticed a tentacled monstrosity
 27454 | Swamp:4  | Killed a tentacled monstrosity
 27776 | Swamp:4  | Got a decaying rune of Zot
 28049 | Snake:1  | Entered Level 1 of the Snake Pit
 28556 | Snake:1  | Found an opulent altar of Gozag.
 28801 | Snake:1  | Found Meaqodau's Book Shop.
 28802 | Snake:1  | Found a runed translucent door.
 28802 | Snake:1  | Noticed yetimobile's ghost (journeyman FeIE)
 29375 | Snake:2  | Reached skill level 17 in Fighting
 29748 | Snake:2  | Reached XP level 18. HP: 140/140 MP: 27/27
 30061 | Snake:3  | Noticed Vashnia
 30084 | Snake:3  | Killed Vashnia
 30086 | Snake:3  | Reached skill level 18 in Fighting
 30264 | Snake:3  | Noticed Asterion
 30277 | Snake:3  | Killed Asterion
 30496 | Snake:3  | Found Gopsosa's Weapon Boutique.
 30496 | Snake:3  | Found Qefri Yzu's Assorted Antiques.
 30894 | Snake:4  | Entered Level 4 of the Snake Pit
 32130 | Snake:4  | Got a serpentine rune of Zot
 32478 | Snake:1  | Killed yetimobile's ghost
 33002 | Vaults:1 | Entered Level 1 of the Vaults
 33224 | Vaults:1 | Gained mutation: You have a pair of large horns on your
                  | head. [demonic ancestry]
 33224 | Vaults:1 | Reached XP level 19. HP: 146/146 MP: 28/28
 33362 | Vaults:1 | Identified the +4 arbalest of Light {heavy, rPois rCorr
                  | Dex+5}
 33929 | Vaults:1 | You fall into a shaft and drop 1 floor!
 35518 | Vaults:1 | Noticed Saint Roka
 35672 | Vaults:1 | Killed Saint Roka
 36088 | Vaults:3 | Noticed Jory
 36104 | Vaults:3 | Killed Jory
 36349 | Vaults:3 | Reached skill level 15 in Armour
 36349 | Vaults:3 | Reached skill level 15 in Dodging
 36547 | Vaults:3 | Reached skill level 5 in Spellcasting
 36756 | Vaults:3 | Found a staircase to the Crypt.
 37214 | Vaults:3 | Gained mutation: Your hexes are more powerful. [demonic
                  | ancestry]
 37214 | Vaults:3 | Reached XP level 20. HP: 153/153 MP: 29/29
 37483 | Vaults:4 | Learned a level 4 spell: Dimensional Bullseye
 38001 | Vaults:4 | Reached skill level 5 in Hexes
 38229 | Vaults:4 | Found a portal to a secret trove of treasure.
 38447 | Vaults:4 | Found a roughly hewn altar of Beogh.
 38683 | Vaults:4 | Found Gyremun's Assorted Antiques.
 38689 | Vaults:4 | Bought a condenser vane for 1560 gold pieces
 39035 | Depths:1 | Entered Level 1 of the Depths
 39054 | Depths:1 | Reached skill level 1 in Translocations
 39208 | Depths:1 | Found Tooq's Antique Weapon Boutique.
 39267 | Depths:1 | Noticed an ancient lich
 39275 | Depths:1 | Killed an ancient lich
 39822 | Depths:1 | Found an iron altar of Okawaru.
 39895 | Depths:1 | Found a blossoming altar of Fedhas.
 40022 | Depths:1 | Gained mutation: Your melee attacks may debilitate your
                  | foes. [demonic ancestry]
 40022 | Depths:1 | Reached XP level 21. HP: 159/159 MP: 34/34
 40033 | Depths:1 | Found a one-way gate leading to the halls of Pandemonium.
 40121 | Depths:1 | Reached skill level 10 in Spellcasting
 40180 | Depths:1 | Got the Guidebook on Algor
 40186 | Depths:1 | Found a gateway to Hell.
 40257 | Depths:1 | Got Kikubaaqudgha's Compilation of Despair
 40480 | Depths:1 | Upgraded the game from 0.32-a0-329-ge6c31236d6 to
                  | 0.32-a0-350-g4f4d228785
 41029 | Depths:2 | Reached skill level 10 in Hexes
 41062 | Depths:2 | Identified the +4 lajatang "Dragonslayer" {spect, Will+
                  | Str-2 Dex+6 SInv}
 41062 | Depths:2 | Identified the +1 shadow dragon scales of Classification
                  | {Will- Int+6 Stlth++++}
 41753 | Depths:2 | Found Yzom's Jewellery Emporium.
 41754 | Depths:2 | Found Huriut's Book Boutique.
 41755 | Depths:2 | Found Zud Fano's Jewellery Emporium.
 41864 | Depths:2 | Found a one-way gateway to a ziggurat.
 42490 | Depths:3 | Noticed Margery
 42581 | Depths:3 | Killed Margery
 42677 | Depths:3 | Reached skill level 19 in Fighting
 42677 | Depths:3 | Reached skill level 5 in Translocations
 43318 | Depths:3 | Identified the +7 chain mail of the Sturgeon {rF+ Str+3
                  | Dex+3}
 43336 | Depths:3 | Identified the amulet "Bommabio" {Faith ^Fragile rPois rF+
                  | rC+ Regen+}
 43349 | Depths:3 | Identified the +5 glaive "Qoex Jij" {freeze, rCorr}
 43808 | Depths:3 | Found a one-way gate to the infinite horrors of the Abyss.
 44064 | Depths:3 | Acquired 811 gold pieces
 44186 | Depths:3 | Reached skill level 20 in Fighting
 44308 | Depths:4 | Entered Level 4 of the Depths
 44344 | Depths:4 | Reached XP level 22. HP: 128/170 MP: 30/37
 44692 | Depths:4 | Noticed a juggernaut
 44711 | Depths:4 | Killed a juggernaut
 44775 | Depths:4 | Found Xuwnahil's Book Emporium.
 44932 | Depths:4 | Found a gate to the Realm of Zot.
 45218 | Hell     | Entered the Vestibule of Hell
 45218 | Hell     | Noticed Geryon
 45227 | Hell     | Killed Geryon
 45310 | Depths:4 | Reached skill level 21 in Fighting
 45445 | Hell     | Gained mutation: Armour fits poorly on your strangely
                  | shaped body. [a cacodemon]
 45448 | Hell     | Gained mutation: You are dopey. (Int -2) [a cacodemon]
 45742 | Hell     | Noticed Murray
 46182 | Vaults:4 | You fall into a shaft and drop 1 floor!
 46182 | Vaults:5 | Entered Level 5 of the Vaults
 46584 | Vaults:5 | Identified the +3 ring mail of Undesirable Species {Int+3}
 46652 | Vaults:5 | Noticed an ancient lich
 46698 | Vaults:5 | Identified the +5 arbalest of the Ageless Xalams {flame,
                  | Str+4}
 46706 | Vaults:5 | Killed an ancient lich
 46707 | Vaults:5 | Gained mutation: You have an unnaturally thin skeletal
                  | structure. (Dex +6, Stealth+++) [demonic ancestry]
 46707 | Vaults:5 | Reached XP level 23. HP: 174/180 MP: 39/39
 46940 | Vaults:5 | Acquired 539 gold pieces
 46948 | Vaults:5 | Identified the staff "Kovude" {*Corrode rElec rC+ rN+++
                  | Int+3 Ice}
 47121 | Vaults:5 | Identified the +9 great sword "Pujexelu" {heavy, rElec
                  | Will+ Stlth+}
 47158 | Vaults:5 | Paralysed by a sphinx for 3 turns
 47838 | Vaults:5 | Got a silver rune of Zot
 48130 | Vaults:5 | Lost mutation: Armour fits poorly on your strangely shaped
                  | body. [potion of mutation]
 48130 | Vaults:5 | Lost mutation: You are dopey. (Int -2) [potion of mutation]
 48130 | Vaults:5 | Gained mutation: Your spells are a little easier to cast,
                  | but a little less powerful. [potion of mutation]
 48130 | Vaults:5 | Gained mutation: Your mind is acute. (Int +4, Str/Dex -1)
                  | [potion of mutation]
 48439 | Depths:1 | Killed Murray
 48551 | Hell     | Gained mutation: Your magical capacity is low. (-10% MP) [a
                  | cacodemon]
 48585 | Hell     | Lost mutation: Your mind is acute. (Int +4, Str/Dex -1) [a
                  | cacodemon]
 48668 | Hell     | Reached skill level 10 in Shields
 48880 | Hell     | Found a gateway to the Iron City of Dis.
 48919 | Hell     | Found a gateway to the freezing wastes of Cocytus.
 48988 | Hell     | Found a gateway to the decaying netherworld of Tartarus.
 49041 | Hell     | Found a gateway to the ashen valley of Gehenna.
 49519 | Vaults:4 | You paid a toll of the horn of Geryon to enter a treasure
                  | trove
 49520 | Trove    | Entered a treasure trove
 49523 | Trove    | Found the necklace of Bloodlust {Fury *Rage Will++ Int-3
                  | Slay+6}
 49529 | Trove    | Identified the ring "Ynir" {Fly rElec rF+ rC+}
 49536 | Trove    | Identified the ring "Naimuso" {rElec rCorr}
 49538 | Trove    | Identified the ring "Ohikh" {Fly rF+ Dex+5 SInv Stlth+}
 49540 | Trove    | Identified the ring "Metamau" {^Drain Fly rN++ SInv Stlth+}
 49542 | Trove    | Identified the amulet "Gosmep" {Reflect ^Fragile rC+ Regen+
                  | SH+5}
 49549 | Trove    | Identified the ring "Imojac" {rElec rPois MP+9 Str+3
                  | Stlth-}
 49551 | Trove    | Identified the ring of Micep {rF++ AC+4 Slay+5}
 49552 | Trove    | Identified the amulet "Kopidghoe" {Faith rElec Dex+3}
 49953 | Zot:1    | Entered Level 1 of the Realm of Zot
 50749 | Zot:1    | Noticed a curse toe
 50752 | Zot:1    | Noticed an orb of fire
 50761 | Zot:1    | Killed a curse toe
 50765 | Zot:1    | Killed an orb of fire
 50992 | Zot:1    | Identified the +11 bardiche of Termination {freeze, rPois
                  | Dex+2}
 52001 | Zot:2    | Identified the +0 cloak of the Black Skies {^Drain rElec
                  | rPois rCorr}
 52352 | Zot:2    | Found a transporter.
 52368 | Zot:2    | Identified the -2 cloak "Fasuawna" {rElec rCorr Int-2
                  | Stlth+}
 52504 | Zot:2    | Found a bloodstained altar of Trog.
 52980 | Zot:3    | Reached XP level 24. HP: 187/187 MP: 35/35
 52988 | Zot:3    | Reached skill level 15 in Shields
 53090 | Zot:2    | Noticed Strat's ghost (veteran DrSh)
 53725 | Zot:3    | Identified the +0 plate armour of the Clam {Harm Str-3
                  | Dex+5}
 54330 | Zot:3    | Reached skill level 22 in Fighting
 54359 | Zot:4    | Noticed a Killer Klown
 54364 | Zot:4    | Killed a Killer Klown
 55221 | Zot:5    | Entered Level 5 of the Realm of Zot
 55385 | Zot:5    | Found Loot's CLEARANCE SALE!.
 55398 | Zot:5    | Reached skill level 23 in Fighting
 55939 | Zot:5    | Noticed a Killer Klown
 55943 | Zot:5    | Noticed an ancient lich
 55947 | Zot:5    | Noticed an orb of fire
 55948 | Zot:5    | Noticed an orb of fire
 55948 | Zot:5    | Noticed an orb of fire
 55953 | Zot:5    | Noticed an ancient lich
 55974 | Zot:5    | Killed an orb of fire
 55976 | Zot:5    | Gained mutation: Armour fits poorly on your strangely
                  | shaped body. [an orb of fire]
 56129 | Zot:4    | Lost mutation: Your spells are a little easier to cast, but
                  | a little less powerful. [potion of mutation]
 56129 | Zot:4    | Lost mutation: Your magical capacity is low. (-10% MP)
                  | [potion of mutation]
 56129 | Zot:4    | Lost mutation: Armour fits poorly on your strangely shaped
                  | body. [potion of mutation]
 56129 | Zot:4    | Gained mutation: You are strong-willed. (Will+) [potion of
                  | mutation]
 56129 | Zot:4    | Gained mutation: You passively map a small area around you.
                  | [potion of mutation]
 56129 | Zot:4    | Gained mutation: Your spells are a little harder to cast,
                  | but a little more powerful. [potion of mutation]
 56129 | Zot:4    | Gained mutation: You have an increased reservoir of magic.
                  | (+10% MP) [potion of mutation]
 56195 | Zot:5    | Gained mutation: You are dopey. (Int -2) [an orb of fire]
 56200 | Zot:5    | Killed an orb of fire
 56205 | Zot:5    | Killed an orb of fire
 56224 | Zot:5    | Killed an ancient lich
 56281 | Zot:5    | Noticed a dread lich
 56286 | Zot:5    | Noticed a Killer Klown
 56287 | Zot:5    | Noticed a Killer Klown
 56292 | Zot:5    | Noticed a Killer Klown
 56293 | Zot:5    | Killed a Killer Klown
 56300 | Zot:5    | Killed a Killer Klown
 56303 | Zot:5    | Killed a dread lich
 56310 | Zot:5    | Killed an ancient lich
 56314 | Zot:5    | Killed a Killer Klown
 56315 | Zot:5    | Gained mutation: You are surrounded by an aura of silence.
                  | [demonic ancestry]
 56315 | Zot:5    | Reached XP level 25. HP: 144/198 MP: 27/42
 56320 | Zot:5    | Killed a Killer Klown
 56450 | Zot:5    | Noticed a dread lich
 56879 | Zot:5    | Killed a dread lich
 56999 | Zot:5    | Reached skill level 10 in Evocations
 57042 | Zot:5    | Got the Orb of Zot
 57479 | D:10     | Noticed Woput the pandemonium lord
 57721 | D:3      | Noticed Sacroeri the pandemonium lord
 57848 | D:$      | Escaped with the Orb!

Illustrated notes

Levels and vault maps discovered:
D:1:      arrival_aquarium_a, layout_basic, minmay_indecisive_spiral
D:2:      layout_loops_corners
D:3:      layout_loops_cross, zin_statuary, nicolae_overflow_squiral,
          serial_shops, nicolae_shop_bloodbath_and_beyond, uniq_natasha
D:4:      layout_cave_pools, lemuel_crystal_altar, serial_column_ruins,
          column_ruins_columns_straight, column_ruins_corridor_straight,
          column_ruins_columns_corner, column_ruins_open_large,
          column_ruins_columns_straight, column_ruins_grid_3, nrook_campfire,
          minmay_misc_feat_enclosed, minmay_quantized, uniq_edmund
D:5:      layout_loops_ring, nicolae_half_adder, uniq_crazy_yiuf_cottage
D:6:      layout_loops_ring, lemuel_doored_altar, minmay_three_doors
D:7:      kennysheep_spiral_hall, layout_loops_ring,
          mainiacjoe_overflow_concentric_impassable,
          minmay_temple_entry_gardened_gates, the_hattery
D:8:      layout_loops_corners, kennysheep_crisscross
D:9:      layout_basic, kennysheep_mini_moat, erik_lair_orcish_takeover,
          uniq_amaemon
D:10:     layout_rooms, serial_shops, nicolae_shop_real_fake_doors,
          einodemon_armed_red_devil_minivault, uniq_josephine
D:11:     layout_stronghold, orc_0_dummy, hangedman_misty_isle, uniq_fannar
D:12:     minmay_s_stair_smasher, layout_basic, hex_tiny,
          kennysheep_generic_room_11
D:13:     layout_roguey, minmay_door_square
D:14:     layout_gridville, david_vaults_4, serial_shops,
          nicolae_shop_tiny_waterfront, minmay_staircase_statues_hall_large,
          uniq_kirke
D:15:     grunt_enter_depths_magical_seal, layout_small_grid,
          nicolae_wu_jian_immortal_techniques, eino_tiny_chamber
Lair:1:   layout_cave_pods, lemuel_old_faithful
Lair:2:   layout_cave_pods
Lair:3:   layout_cave_pods, nicolae_swamp_entry_spooky,
          minmay_snake_entry_six_corridors, gauntlet_entry_generic,
          infiniplex_staircase_pool_2, serial_bayou_shore_b, uniq_snorg,
          uniq_nessos, uniq_sonja
Lair:4:   layout_layer_cave
Lair:5:   minmay_lair_end_enchanted_forest, layout_hall_layers, slime_entry_1
Swamp:1:  layout_basic_swamp, nicolae_swamp_decorative_isthmus, swamp_pool_5,
          hangedman_swamp_grove, uniq_nikola
Swamp:2:  layout_basic_swamp, evilmike_swamp_ruin_house_5,
          nicolae_swamp_snake_nest, uniq_roxanne
Swamp:3:  layout_falls_marsh, gammafunk_ghost_necromancy,
          nicolae_swamp_dense_foliage, nicolae_swamp_tree_isthmus
Swamp:4:  swamp_vile, layout_basic_swamp, swamp_pool_1_2,
          nicolae_swamp_bean_lake, nicolae_swamp_necromancer_hut,
          infiniplex_staircase_pool, uniq_mara
Snake:1:  layout_onion_interference, basic_altar, gammafunk_ghost_grave,
          serial_shops, shop
Snake:2:  layout_cave_shapes, grunt_megastairs_4, serial_bayou_shore_a
Snake:3:  layout_onion, minmay_shoptagon, uniq_vashnia, uniq_asterion
Snake:4:  snake_pit_salamanders_mu, layout_misc_corridors, guppyfry_library_mini
Orc:1:    gammafunk_beogh_shrine, layout_caves, serial_shops,
          nicolae_shop_hallway_plus
Orc:2:    hellmonk_orc_salted, layout_diamond_mine, serial_shops,
          bzr_entry_customers, portal_ice_cave_demonic_guard
Vaults:1: vaults_room_grunt_arrival_ludios, nicolae_vaults_network_star,
          nicolae_vaults_surprise_closet, nicolae_vaults_display_case,
          nicolae_vaults_little_squares_3, grunt_vaults_funnel,
          nicolae_vaults_shelves_hall, nicolae_vaults_yaktaur_gun_rack,
          nicolae_vaults_trapezoid_4, nicolae_vaults_house_1,
          layout_vaults_big_room, uniq_saint_roka
Vaults:2: vaults_mumra_chevron_long, nicolae_vaults_shelves_hall,
          vaults_dpeg_emergency_exit, ontoclasm_vaults_ring_square,
          nicolae_vaults_diamond_1, hangedman_vaults_stretched_pinwheel,
          ontoclasm_vaults_fault, vaults_room_pool, v_pattern_3,
          nicolae_vaults_double_plus_1, layout_vaults_omnigrid
Vaults:3: nicolae_vaults_windows_and_doors_thing,
          minmay_crypt_entry_simple_plaza, nicolae_vaults_turnstiles,
          nicolae_vaults_rhombus_5, hangedman_vaults_restitches,
          nicolae_vaults_mini_display_case, ontoclasm_vaults_misaligned,
          nicolae_vaults_diamond_2, nicolae_vaults_closet_pinwheel_1, v_misc_13,
          nicolae_vaults_asterisk, layout_vaults_ring, uniq_jory
Vaults:4: lightli_church_of_beogh, vaults_dpeg_diagonal, hangedman_vaults_slice,
          v_rooms_1, nicolae_vaults_wrenched, nicolae_vaults_mitosis,
          nicolae_vaults_door_testing_chamber,
          vaults_room_grunt_arrival_checkpoint, layout_vaults_omnibox,
          serial_shops, shop, enter_trove_2
Vaults:5
Depths:1: layout_roguey [special_room_morgue], serial_bayou,
          serial_bayou_pond_b, serial_bayou_pond_c, serial_bayou_pond_a,
          serial_bayou_shore_b, serial_bayou_lagoon_a, hell_entry,
          lemuel_crystal_altar, rand_demon_pan_entry_7, serial_shops,
          nicolae_shop_hallway_plus, kennysheep_nub, fedhas_altar_2
Depths:2: gammafunk_mikee_crab_dinner, layout_cave_shapes, enter_ziggurat_e,
          pan_entry, minmay_misc_feat_columns, hangedman_tar_grid_catacomb,
          beargit_elvish_explorers, minmay_staircase_windowed_small,
          serial_bayou_shore_b, minmay_shop_grove
Depths:3: nicolae_aperiodic_l_corner, layout_cave_pools, abyss_entry,
          hangedman_decor_points, hell_entry, grunt_pan_entry_in_and_out,
          uniq_margery
Depths:4: evilmike_zot_entry_diamond, layout_cave_pools, serial_shops,
          nicolae_lakefront_shop, abyss_entry, nicolae_zig_zag_zippers,
          pf_coc_iceberg, pan_entry, serial_bayou_shore_b
Hell
Zot:1:    layout_twisted_circle
Zot:2:    layout_basic, gammafunk_ghost_wrathful_warriors,
          regret_index_zotdec_dark_gr, uniq_josephina
Zot:3:    regret_index_zot_pan_timeshare, layout_basic
Zot:4:    layout_misc_corridors
Zot:5:    layout_cathedral_of_symmetry, nicolae_shop_clearance

Skill      XL: |  1  2  3  4  5  6  7  8  9 10 11 12 13 14 15 16 17 18 19 20 21 22 23 24 25 |
---------------+----------------------------------------------------------------------------+-----
Fighting       | 4 5 6 7 8 12 16 17 18 20 21 23 | 23.0
Throwing       | 1 2 3 4 |  4.0
Spellcasting   | 3 4 6 9 11 12 | 12.0
Ranged Weapons | 2 6 10 12 13 16 18 19 | 19.0
Evocations     | 2 4 8 9 10 | 10.0
Dodging        | 3 5 10 11 13 15 16 17 18 | 18.5
Invocations    | 7 9 12 | 12.0
Shields        | 1 5 6 7 14 15 | 15.0
Armour         | 4 9 11 13 15 16 17 18 | 18.5
Hexes          | 8 10 | 10.0
Translocations | 4 6 |  6.0
Unarmed Combat | |  2.7

Action                     |  1- 3 |  4- 6 |  7- 9 | 10-12 | 13-15 | 16-18 | 19-21 | 22-24 | 25-27 || total
---------------------------+-------+-------+-------+-------+-------+-------+-------+-------+-------++-------
  Melee: Unarmed           |    14 |       |       |       |       |       |       |       |       ||    14
         Spear             |    27 |       |       |       |       |       |       |       |       ||    27
         Dagger            |    33 |       |       |       |       |       |       |       |       ||    33
         Hand axe          |    15 |    90 |       |       |       |       |       |       |       ||   105
         Quarterstaff      |       |    59 |   127 |       |       |       |       |       |       ||   186
         Headbutt          |       |     2 |    24 |       |       |       |       |       |       ||    26
   Fire: Arbalest          |       |       |    94 |   378 |       |       |       |       |       ||   472
         Longbow           |       |       |       |   195 |   255 |       |       |       |       ||   450
         Hand cannon       |       |       |       |       |   622 |   997 |  1210 |  1314 |   175 ||  4318
  Throw: Dart              |       |     1 |     3 |       |       |       |       |       |       ||     4
   Cast: Slow              |       |     2 |     8 |       |       |       |       |       |       ||    10
         Dimensional Bulls |       |       |       |       |       |       |     5 |    27 |     2 ||    34
 Invoke: Ancestor Life: Kn |       |       |     1 |       |       |       |       |       |       ||     1
         Recall Ancestor   |       |       |     1 |     6 |     1 |       |     2 |     1 |     3 ||    14
         Idealise          |       |       |       |     2 |     2 |     1 |     1 |     3 |     1 ||    10
         Transference      |       |       |       |       |     1 |     1 |       |       |       ||     2
  Evoke: Wand              |       |       |       |     3 |       |     2 |     4 |     4 |       ||    13
         Condenser vane    |       |       |       |       |       |       |     2 |     2 |       ||     4
         Phial of floods   |       |       |       |       |       |       |     1 |     2 |       ||     3
         Box of beasts     |       |       |       |       |       |       |     1 |     1 |       ||     2
    Use: Scroll            |     2 |     2 |     2 |    12 |    10 |     6 |     8 |     5 |     2 ||    49
         Potion            |       |     3 |       |     3 |       |     1 |     2 |     5 |     2 ||    16
   Stab: Sleeping          |       |       |     3 |       |       |       |       |       |       ||     3
         Distracted        |       |       |     1 |       |       |       |       |       |       ||     1
 Armour: Leather armour    |    50 |    81 |    73 |       |       |       |       |       |       ||   204
         Skin              |       |     7 |       |       |       |       |       |       |       ||     7
         Steam dragon scal |       |       |       |   122 |    63 |       |       |       |       ||   185
         Ice dragon scales |       |       |       |       |    71 |    73 |       |       |       ||   144
         Swamp dragon scal |       |       |       |       |       |   165 |   302 |       |       ||   467
         Quicksilver drago |       |       |       |       |       |       |     6 |   528 |    49 ||   583
  Dodge: Dodged            |    28 |    59 |    99 |   220 |   138 |   407 |   466 |  1010 |    22 ||  2449
  Block: Other             |     4 |    28 |    18 |    98 |    25 |       |       |       |       ||   173
         Reflection        |       |       |       |     4 |    30 |    43 |    32 |     9 |       ||   118
         Buckler           |       |       |       |       |   159 |   393 |   435 |   335 |       ||  1322
         Kite shield       |       |       |       |       |       |       |       |   254 |    78 ||   332

Table legend: (Time is in decaauts)
 A = Elapsed time spent in this place.
 B = Non-inter-level travel time spent in this place.
 C = Inter-level travel time spent in this place.
 D = Time resting spent in this place.
 E = Time spent auto-exploring this place.
 F = Levels seen in this place.
 G = Mean time per level.
                   A        B        C        D        E       F      G
               +--------+--------+--------+--------+--------+-----+--------+
         Total |  59102 |  52746 |   6356 |   8763 |  31837 |  49 | 1206.2 |
       Dungeon |  17140 |  14503 |   2637 |   1691 |   9666 |  15 | 1142.7 |
          Lair |   6895 |   6102 |    793 |   1066 |   4041 |   5 | 1379.0 |
         Swamp |   4072 |   3863 |    209 |    411 |   2700 |   4 | 1018.0 |
     Snake Pit |   4459 |   4196 |    263 |    838 |   2494 |   4 | 1114.8 |
  Orcish Mines |   1818 |   1582 |    236 |     68 |   1168 |   2 |  909.0 |
        Vaults |   8521 |   7541 |    980 |   1074 |   4582 |   5 | 1704.2 |
        Depths |   7601 |   6876 |    725 |   2026 |   3109 |   4 | 1900.2 |
          Hell |    537 |    526 |     11 |      0 |    355 |   1 |  537.0 |
           Zot |   6568 |   6070 |    498 |   1406 |   3032 |   5 | 1313.6 |
        Bazaar |     29 |     29 |      0 |      0 |      0 |   1 |   29.0 |
         Trove |    105 |    105 |      0 |      0 |     21 |   1 |  105.0 |
      Ice Cave |    666 |    666 |      0 |     27 |    331 |   1 |  666.0 |
      Gauntlet |    687 |    687 |      0 |    152 |    337 |   1 |  687.0 |
               +--------+--------+--------+--------+--------+-----+--------+

Top non-repeatable levels by time:
Depths:1: 2336 daAuts
Depths:2: 2074 daAuts
  Lair:3: 1986 daAuts
Vaults:5: 1976 daAuts
     D:9: 1925 daAuts
     D:5: 1916 daAuts
   Zot:3: 1734 daAuts
Vaults:2: 1732 daAuts
   Zot:5: 1714 daAuts
Vaults:1: 1693 daAuts
Vaults:4: 1672 daAuts
Depths:3: 1650 daAuts
Depths:4: 1540 daAuts
 Snake:4: 1524 daAuts
Vaults:3: 1445 daAuts
